 Dungeon Crawl Stone Soup version 0.30-a0-141-g30f27751c5 (webtiles) character file.

Game seed: 10731170680763774672

416 qw the Chopper (level 6, -3/38 HPs)
             Began as a Gargoyle Fighter on Sept 25, 2022.
             Slain by Pargi (6 damage)
             ... on level 3 of the Dungeon.
             The game lasted 00:01:31 (2663 turns).

qw the Chopper (Gargoyle Fighter)                   Turns: 2663, Time: 00:01:32

Health: -3/38      AC: 12    Str: 22    XL:     6   Next: 92%
Magic:  6/6        EV:  9    Int:  8    God:
Gold:   132        SH:  4    Dex:  9    Spells: 5/5 levels left

rFire   . . .      SeeInvis .    Y - +0 war axe
rCold   . . .      Faith    .    c - +0 buckler
rNeg    + . .      Spirit   .    b - +0 scale mail
rPois   inf        Reflect  .    f - +0 helmet
rElec   +          Harm     .    (no cloak)
rCorr   .          Rampage  .    (no gloves)
Will    .....                    (no boots)
Stlth   ..........               (no amulet)
HPRegen 0.12/turn                (no ring)
MPRegen 0.10/turn                (no ring)

@: no status effects
A: sickness immunity, AC +4, negative energy resistance 1, electricity
resistance, torment resistance 1, petrification resistance
a: no special abilities


You were on level 3 of the Dungeon.
You visited 1 branch of the dungeon, and saw 3 of its levels.

You collected 132 gold pieces.


Innate Abilities, Weirdness & Mutations

You are immune to sickness and miasma.
Your stone body is resilient. (AC +4)
You are immune to poison.
You resist negative energy. (rN+)
You are resistant to electric shocks. (rElec)
You are resistant to unholy torment.
You are immune to petrification.


   Skills:
 - Level 4.0 Fighting
 + Level 5.9 Axes
 - Level 3.2 Armour
 - Level 1.3 Dodging
 - Level 3.2 Shields


You had 5 spell levels left.
You didn't know any spells.
Your spell library was empty.

Inventory:

Hand Weapons
 a - a +1 whip of venom
 Y - a +0 war axe (weapon)
Armour
 b - a +0 scale mail (worn)
 c - a +0 buckler (worn)
 f - a +0 helmet (worn)
Scrolls
 h - a scroll of identify
Potions
 d - a potion of might
 e - a potion of curing
 i - a potion of attraction
 j - a potion of haste {unknown}
 k - a potion of resistance {unknown}

Dungeon Overview and Level Annotations

Branches:
Dungeon (3/15)

Altars:

Shops:
D:2 :

Annotations:
D:3 Pargi


Message History

You closely miss Pargi.
Pargi is heavily wounded.
Pargi bites you but does no damage. Pargi claws you but does no damage.
Pargi closely misses you. Pargi bites you. Pargi barely misses you.
Pargi claws you but does no damage.
You hit Pargi.
Pargi is heavily wounded.
Pargi barely misses you. Pargi completely misses you.
Pargi claws you but does no damage.
You closely miss Pargi.
Pargi is heavily wounded.
Pargi closely misses you. Pargi claws you but does no damage.
Pargi barely misses you.
You hit Pargi but do no damage.
Pargi is heavily wounded.
Pargi closely misses you. x2; You block Pargi's attack.
You hit Pargi but do no damage.
Pargi is heavily wounded.
Pargi completely misses you. Pargi claws you but does no damage.
Pargi closely misses you.
You slash Pargi!
Pargi is severely wounded.
Pargi bites you but does no damage. Pargi claws you but does no damage.
Pargi barely misses you. Pargi bites you but does no damage.
Pargi claws you but does no damage. You block Pargi's attack.
You closely miss Pargi.
Pargi is severely wounded.
Pargi bites you but does no damage. Pargi claws you but does no damage. x2
You barely miss Pargi.
Pargi is severely wounded.
Pargi bites you but does no damage. Pargi claws you. Pargi closely misses you.
You closely miss Pargi.
Pargi is severely wounded.
Pargi bites you but does no damage. Pargi closely misses you. x2
Pargi clenches his claws.
Pargi bites you. Pargi claws you but does no damage. Pargi misses you.
You barely miss Pargi.
Pargi is severely wounded.
Pargi bites you.
You die...

######..........
....##..........
#...........#
###..........###
##...##....#....#.
#..#.....#.%......
##.#..#..<..###....
#.........%.# ..
#..)...@....##
#..)).T.........
#............##..
#......:....##
..............#
.##.?.........# .
.............#
.##[..........#
............#


You could see Pargi.

Vanquished Creatures
  Sigmund (D:2)
  2 orc priests
  2 orc wizards (D:2)
  Robin (D:2)
  An adder (D:2)
  3 gnolls
  2 worms
  2 dart slugs
  8 orcs
  5 ball pythons
  6 bats
  6 endoplasms
  A giant cockroach (D:2)
  16 goblins
  7 hobgoblins
  2 quokkas
  3 frilled lizards (D:1)
  11 kobolds
  4 rats (D:1)
83 creatures vanquished.

Notes
Turn   | Place    | Note
-------+----------+-------------------------------------------
     0 | D:1      | qw the Gargoyle Fighter began the quest for the Orb.
     0 | D:1      | Reached XP level 1. HP: 14/14 MP: 1/1
     0 | D:1      | 0 ||| qw: Version: 0.2-a-9-g4872b50
     0 | D:1      | 0 ||| qw: Game counter: 79
     0 | D:1      | 0 ||| qw: Always use a shield: true
     0 | D:1      | 0 ||| qw: God list: Okawaru
     0 | D:1      | 0 ||| qw: Allow faded altars: false
     0 | D:1      | 0 ||| qw: Do Orc after D:15 true
     0 | D:1      | 0 ||| qw: Do second Lair branch before Depths: true
     0 | D:1      | 0 ||| qw: Lair rune preference: random
     0 | D:1      | 0 ||| qw: Plans: Normal, Zot:1-4, God:TSO, Crypt, Tomb,
                  | Pan, Slime:5, Hells, Abyss, Orb
     0 | D:1      | 0 ||| PLANNING D:1-11
    20 | D:1      | Reached skill level 2 in Axes
   158 | D:1      | 158 ||| Stepping ~*~*~tactically~*~*~ (hiding).
   165 | D:1      | Reached XP level 2. HP: 18/19 MP: 2/2
   273 | D:1      | Found a faded altar of an unknown god.
   467 | D:1      | 467 ||| Stepping ~*~*~tactically~*~*~ (stealth).
   551 | D:1      | Reached skill level 3 in Axes
   627 | D:1      | Reached XP level 3. HP: 19/23 MP: 3/3
   697 | D:1      | 697 ||| Stepping ~*~*~tactically~*~*~ (stealth).
   700 | D:1      | 700 ||| Stepping ~*~*~tactically~*~*~ (stealth).
   713 | D:1      | 713 ||| DROPPING +0 club.
   723 | D:1      | 723 ||| Stepping ~*~*~tactically~*~*~ (stealth).
   734 | D:1      | 734 ||| Stepping ~*~*~tactically~*~*~ (stealth).
   970 | D:1      | 970 ||| READING scroll labelled PUITHR VISUSY.
   971 | D:1      | 971 ||| READING scroll labelled EBUTACOGEI.
   985 | D:2      | 985 ||| STAIRDANCE
  1191 | D:2      | 1191 ||| STAIRDANCE
  1235 | D:2      | Reached XP level 4. HP: 28/28 MP: 4/4
  1270 | D:2      | 1270 ||| DROPPING +0 mace.
  1444 | D:2      | Reached skill level 4 in Axes
  1459 | D:2      | 1459 ||| Stepping randomly (stuck).
  1461 | D:2      | 1461 ||| Stepping randomly (stuck).
  1462 | D:2      | 1462 ||| Stepping randomly (stuck).
  1463 | D:2      | 1463 ||| Stepping randomly (stuck).
  1464 | D:2      | 1464 ||| Stepping randomly (stuck).
  1465 | D:2      | 1465 ||| Stepping randomly (stuck).
  1467 | D:2      | 1467 ||| Stepping randomly (stuck).
  1472 | D:2      | 1472 ||| Stepping randomly (stuck).
  1473 | D:2      | 1473 ||| Stepping randomly (stuck).
  1474 | D:2      | 1474 ||| Stepping randomly (stuck).
  1475 | D:2      | 1475 ||| Stepping randomly (stuck).
  1476 | D:2      | 1476 ||| Stepping randomly (stuck).
  1477 | D:2      | 1477 ||| Stepping randomly (stuck).
  1478 | D:2      | 1478 ||| Stepping randomly (stuck).
  1479 | D:2      | 1479 ||| Stepping randomly (stuck).
  1480 | D:2      | 1480 ||| Stepping randomly (stuck).
  1481 | D:2      | 1481 ||| Stepping randomly (stuck).
  1482 | D:2      | 1482 ||| Stepping randomly (stuck).
  1483 | D:2      | 1483 ||| Stepping randomly (stuck).
  1484 | D:2      | 1484 ||| Stepping randomly (stuck).
  1485 | D:2      | 1485 ||| Stepping randomly (stuck).
  1486 | D:2      | 1486 ||| Stepping randomly (stuck).
  1487 | D:2      | 1487 ||| Stepping randomly (stuck).
  1488 | D:2      | 1488 ||| Stepping randomly (stuck).
  1489 | D:2      | 1489 ||| Stepping randomly (stuck).
  1526 | D:2      | 1526 ||| Stepping ~*~*~tactically~*~*~ (stealth).
  1528 | D:2      | 1528 ||| Stepping ~*~*~tactically~*~*~ (hiding).
  1562 | D:2      | Noticed Robin
  1569 | D:2      | Killed Robin
  1663 | D:2      | 1663 ||| Stepping ~*~*~tactically~*~*~ (stealth).
  1664 | D:2      | 1664 ||| Stepping ~*~*~tactically~*~*~ (stealth).
  1707 | D:2      | 1707 ||| Stepping ~*~*~tactically~*~*~ (stealth).
  1711 | D:2      | 1711 ||| Stepping ~*~*~tactically~*~*~ (stealth).
  1713 | D:2      | 1713 ||| Stepping ~*~*~tactically~*~*~ (stealth).
  1740 | D:2      | 1740 ||| Stepping ~*~*~tactically~*~*~ (stealth).
  1741 | D:2      | 1741 ||| Stepping ~*~*~tactically~*~*~ (stealth).
  1798 | D:2      | Reached XP level 5. HP: 29/32 MP: 5/5
  1979 | D:2      | 1979 ||| Stepping ~*~*~tactically~*~*~ (hiding).
  1984 | D:2      | Noticed Sigmund
  1991 | D:2      | Killed Sigmund
  1992 | D:2      | Reached skill level 5 in Axes
  1992 | D:2      | Reached XP level 6. HP: 30/37 MP: 6/6
  2145 | D:2      | Found Downumm's Book Shop.
  2405 | D:2      | 2405 ||| UPGRADING to +0 helmet.
  2410 | D:2      | 2410 ||| READING scroll labelled TICEIROQYL.
  2411 | D:2      | 2411 ||| READING 4 scrolls of identify.
  2411 | D:2      | 2411 ||| IDENTIFYING bubbling pink potion
  2412 | D:2      | 2412 ||| READING 3 scrolls of identify.
  2412 | D:2      | 2412 ||| IDENTIFYING lumpy sapphire potion
  2413 | D:2      | 2413 ||| READING 2 scrolls of identify.
  2413 | D:2      | 2413 ||| IDENTIFYING brown potion
  2414 | D:2      | 2414 ||| DROPPING potion of brilliance.
  2415 | D:2      | 2415 ||| DROPPING potion of ambrosia.
  2461 | D:3      | 2461 ||| Stepping ~*~*~tactically~*~*~ (stealth).
  2470 | D:3      | Reached skill level 1 in Dodging
  2473 | D:3      | 2473 ||| FLEEEEING.
  2474 | D:3      | 2474 ||| FLEEEEING.
  2475 | D:3      | 2475 ||| FLEEEEING.
  2476 | D:3      | 2476 ||| FLEEEEING.
  2477 | D:3      | 2477 ||| FLEEEEING.
  2478 | D:3      | 2478 ||| STAIRDANCE
  2517 | D:2      | 2517 ||| FLEEEEING.
  2545 | D:2      | 2545 ||| DRINKING 2 viscous coppery potions.
  2551 | D:3      | 2551 ||| STAIRDANCE
  2565 | D:3      | 2565 ||| STAIRDANCE
  2597 | D:2      | 2597 ||| Stepping ~*~*~tactically~*~*~ (stealth).
  2619 | D:3      | Noticed Pargi
  2652 | D:3      | HP: 9/38 [Pargi (2)]
  2661 | D:3      | HP: 7/38 [Pargi (1)]
  2662 | D:3      | HP: 2/38 [Pargi (5)]
  2663 | D:3      | Slain by Pargi

Levels and vault maps discovered:
D:1:      dpeg_arrival_subterranean_lakeside_camping, layout_rooms,
          ebering_ecumenical_altar_mist
D:2:      cheibrodos_pilgrimage, layout_loops_cross, serial_shops,
          nicolae_lakefront_shop, minmay_goblin_kobold_house, uniq_robin,
          uniq_sigmund
D:3:      layout_rooms, uniq_pargi

Skill      XL: |  1  2  3  4  5  6 |
---------------+-------------------+-----
Axes           | 2 3 4 5 |  5.9
Fighting       | 4 |  4.0
Dodging        | 1 |  1.3
Armour         | |  3.2
Shields        | |  3.2

Action                   |  1- 3 |  4- 6 || total
-------------------------+-------+-------++-------
Melee: War axe           |    85 |   161 ||   246
  Use: Scroll            |     2 |     4 ||     6
       Potion            |       |     1 ||     1
Armor: Scale mail        |    46 |   137 ||   183
Dodge: Dodged            |    40 |    92 ||   132
Block: Buckler           |    20 |    22 ||    42

Table legend:
 A = Non-vault XP
 B = Vault XP
 C = Vault XP percentage of total XP
 D = Non-vault monster count
 E = Vault monster count
 F = Vault count percentage of total count
                 A         B        C        D         E       F
            +---------+---------+-------+---------+---------+-------
      Total |     191 |     404 |  67.9 |      51 |      32 |  38.6
            +---------+---------+-------+---------+---------+-------
        D:1 |      70 |       8 |  10.3 |      26 |       6 |  18.8
        D:2 |      58 |     396 |  87.2 |      16 |      26 |  61.9
        D:3 |      63 |       0 |   0.0 |       9 |       0 |   0.0
            +---------+---------+-------+---------+---------+-------
